 Dungeon Crawl Stone Soup version 0.21.0-30-g47ce8e4 (webtiles) character file.

732 Mimshu the Cudgeler (level 7, -5/44 HPs)
             Began as a Gargoyle Berserker on Jan 28, 2018.
             Was a Priest of Trog.
             Slain by an ogre
             ... wielding a +0 giant club
              (14 damage)
             ... on level 4 of the Dungeon.
             The game lasted 00:12:12 (3721 turns).

Mimshu the Cudgeler (Gargoyle Berserker)            Turns: 3721, Time: 00:12:13

Health: -5/44      AC: 19    Str: 23    XL:     7   Next: 73%
Magic:  7/7        EV:  8    Int:  7    God:    Trog [***...]
Gold:   185        SH:  8    Dex:  9    Spells: 6/6 levels left

rFire    . . .     SeeInvis .   a - +0 mace
rCold    + . .     Gourm    .   r - +0 shield
rNeg     + . .     Faith    .   x - +0 scale mail
rPois    ∞         Spirit   .   n - +2 helmet
rElec    +         Reflect  .   s - +2 cloak
rCorr    .         Harm     +   (no gloves)
MR       .....                  t - +0 pair of boots
Stlth    ..........             u - amulet of harm
HPRegen  0.14/turn              z - ring of protection from cold
MPRegen  0.10/turn              (no ring)

@: berserk cooldown, slowed, very slow
A: negative energy resistance 1, electricity resistance, unbreathing,
petrification resistance, rot immunity, AC +4
a: Berserk, Trog's Hand, Burn Spellbooks, Renounce Religion


You were on level 4 of the Dungeon.
You worshipped Trog.
Trog was most pleased with you.
You were not hungry.

You visited 1 branch of the dungeon, and saw 4 of its levels.
You also visited: Ossuary.

You collected 185 gold pieces.

Inventory:

Hand Weapons
 a - a +0 mace (weapon)
Missiles
 g - 217 stones (quivered)
 i - 32 arrows
Armour
 n - a +2 helmet (worn)
 r - a +0 shield (worn)
 s - a +2 cloak (worn)
 t - a +0 pair of boots (worn)
 w - the +4 leather armour of the Evening {rPois rCorr Str-2 Int+4, unknown}
   (You found it on level 4 of the Dungeon)

   It affects your strength (-2).
   It affects your intelligence (+4).
   It protects you from poison.
   It protects you from acid and corrosion.
 x - a +0 scale mail (worn)
Jewellery
 u - an amulet of harm (around neck)
 z - a ring of protection from cold (left hand)
Wands
 A - a wand of iceblast (10)
Scrolls
 b - a scroll of remove curse
 d - 2 scrolls of enchant armour {unknown}
 l - a scroll of identify
 o - a scroll of teleportation {unknown}
 p - a scroll of fog {unknown}
 v - a scroll of magic mapping {unknown}
 y - a scroll of blinking {unknown}
 B - a scroll of fear {unknown}
Potions
 e - 2 potions of degeneration {unknown}
 f - 2 potions of might {unknown}
 h - 3 potions of curing {unknown}
 j - 3 potions of heal wounds
 k - a potion of magic {unknown}
 m - 2 potions of flight {unknown}
 q - a potion of lignification {unknown}
Comestibles
 c - 8 rations
 C - 4 chunks of flesh


   Skills:
 + Level 5.4 Fighting
 * Level 6.3 Maces & Flails
 + Level 4.8 Armour
 - Level 1.5 Dodging
 + Level 2.0 Shields


You had 6 spell levels left.
You didn't know any spells.

Dungeon Overview and Level Annotations

Branches:
Dungeon (4/15)
 Temple: D:4-7

Altars:
Ashenzari
Sif Muna
Wu Jian


Innate Abilities, Weirdness & Mutations

You are resistant to torment.
Your stone body is resilient. (AC +4)
You are immune to poison.
You resist negative energy. (rN+)
You are resistant to electric shocks. (rElec)
You can survive without breathing.
You are immune to petrification.
You are immune to rotting.


Message History

Your shield and scale mail prevent you from hitting the ogre.
The ogre hits you with a giant club.
You completely miss the ogre. The ogre barely misses you.
Your shield prevents you from hitting the ogre.
The ogre hits you with a giant club! You block the ogre's attack.
You hit the ogre.
The ogre is lightly wounded.
You block the ogre's attack.
Some of the chunks of flesh in your inventory have rotted away.
You hit the ogre.
The ogre is moderately wounded.
The ogre closely misses you. You block the ogre's attack.
You hit the ogre.
The ogre is heavily wounded.
The ogre hits you with a giant club!
* * * LOW HITPOINT WARNING * * *
You hit the ogre.
The ogre is severely wounded.
The ogre hits you with a giant club!
You die...

............ ......o
............ ......
#................... ...
##.................. ...
................... ....
......#####.#..##'##.....
......# #..#...#.....
###...# #..#.O.'.....
#.>.#####.#..#@..#.....
##........#..##'##.....
#.########............
#.# #.###........ #.# #.#
######### #.# #.# #.# #.#
#.# #.# #.########.#


You could see an ogre.

Vanquished Creatures
  Grinder (D:3)
  A phantom (D:4)
  An ogre (D:4)
  A howler monkey (D:4)
  A crimson imp (D:2)
  A human zombie (Ossuary)
  Jessica (D:3)
  Terence (D:3)
  A hound zombie (Ossuary)
  A mummy (Ossuary)
  Robin (D:2)
  5 adders
  2 adder zombies (Ossuary)
  A worm (D:2)
  2 leopard geckos
  11 orcs (D:4)
  2 ball pythons
  3 giant cockroaches
  18 goblins
  9 hobgoblins
  11 jackals (D:1)
  2 quokkas
  7 bats
  4 frilled lizards
  A hobgoblin zombie (Ossuary)
  10 kobolds
  An orc zombie (Ossuary)
  6 rats
106 creatures vanquished.

Notes
Turn   | Place    | Note
-------+----------+-------------------------------------------
     0 | D:1      | Mimshu the Gargoyle Berserker began the quest for the Orb.
     0 | D:1      | Reached XP level 1. HP: 14/14 MP: 1/1
    84 | D:1      | Reached XP level 2. HP: 19/19 MP: 2/2
   643 | D:1      | Reached XP level 3. HP: 22/23 MP: 3/3
   700 | D:1      | Reached ** piety under Trog
  1251 | D:2      | Noticed Robin
  1261 | D:2      | Killed Robin
  1266 | D:2      | Reached skill level 4 in Maces & Flails
  1266 | D:2      | Reached XP level 4. HP: 26/29 MP: 4/4
  1799 | D:2      | Reached XP level 5. HP: 31/33 MP: 5/5
  2088 | D:2      | Found a deep blue altar of Sif Muna.
  2265 | D:3      | Noticed Grinder
  2276 | D:3      | Paralysed by Grinder for 3 turns
  2281 | D:3      | Killed Grinder
  2281 | D:3      | Reached skill level 5 in Maces & Flails
  2281 | D:3      | Reached XP level 6. HP: 23/40 MP: 6/6
  2470 | D:3      | Noticed Terence
  2486 | D:3      | Killed Terence
  2535 | D:3      | Reached *** piety under Trog
  2797 | D:3      | Noticed Jessica
  2799 | D:3      | Killed Jessica
  3188 | D:4      | Reached skill level 5 in Fighting
  3188 | D:4      | Reached skill level 1 in Shields
  3188 | D:4      | Reached XP level 7. HP: 37/44 MP: 7/7
  3210 | D:4      | Reached skill level 6 in Maces & Flails
  3434 | D:4      | Got a steaming leather armour
  3465 | D:4      | Found an ornate altar of the Wu Jian Council.
  3465 | D:4      | Found a shattered altar of Ashenzari.
  3666 | D:4      | Found a sand-covered staircase.
  3671 | Ossuary  | Entered an ossuary
  3721 | D:4      | Slain by an ogre

Skill      XL: |  1  2  3  4  5  6  7 |
---------------+----------------------+-----
Maces & Flails | 4 5 6 |  6.3
Armour         | 3 4 |  4.8
Fighting       | 4 5 |  5.4
Shields        | 1 2 |  2.0
Dodging        | |  1.5

Action                   |  1- 3 |  4- 6 |  7- 9 || total
-------------------------+-------+-------+-------++-------
Melee: Mace              |   105 |   210 |    95 ||   410
Invok: Berserk           |     2 |     1 |     2 ||     5
  Use: Scroll            |       |     4 |       ||     4
  Eat: Chunk             |     2 |     2 |     1 ||     5
       Ration            |       |     2 |     1 ||     3
Armor: Leather armour    |    61 |       |       ||    61
       Ring mail         |    12 |    93 |       ||   105
       Scale mail        |       |    29 |   100 ||   129
Dodge: Dodged            |   116 |   115 |    71 ||   302
Block: Shield            |       |    39 |    68 ||   107
